AoeStats
← TORA

African Clearing

510670572Analyzed
4v4 RM · 21h ago on Oct 2, 2026· 45m 46s· 8 players
Game mode
Random Map
Map size
Large (8 player)
Population
200
Speed
Normal
Resources
Standard
Victory
Conquest
Starting age
Dark Age
Ending age
Imperial Age
RankedLock teamsTeams togetherTeam positionsShared explorationLock speedFull tech treeHidden civsTurbo modeCheats
Victory
Defeat
🇨🇳 Britons · China
1397
+13
🇺🇸 Dravidians · United States
1369
+14
🇨🇳 Jurchens · China
1324
+16
🇳🇿 Huns · New Zealand
1320
+16
🇧🇷 Vietnamese · Brazil
1506
-22
🇲🇽 Japanese · Mexico
1294
-13
🇳🇿 Hindustanis · New Zealand
1250
-12
🇺🇸 Koreans · United States
1248
-12
Monty
4:41 Loom
13:29 Feudal Age
17:31 Castle Age
15:34 Double-Bit Axe
21:03 Town Watch
21:38 Bow Saw
27:10 Man-at-Arms
27:36 Gambesons
27:51 Squires
27:40 Arson
28:55 Wheelbarrow
28:13 Long Swordsman
31:06 Hand Cart
34:51 Imperial Age
32:31 Fletching
35:11 Scale Mail Armor
35:22 Forging
36:34 Chemistry
35:03 Two-Handed Swordsman
36:25 Conscription
36:18 Champion
37:46 Chain Mail Armor
38:41 Iron Casting
40:53 Plate Mail Armor
42:39 Wootz Steel
AoToA
11:24 Loom
13:10 Feudal Age
11:55 Loom
14:09 Feudal Age
14:54 Double-Bit Axe
15:00 Town Watch
17:52 Castle Age
16:47 Fletching
19:00 Bow Saw
20:41 Wheelbarrow
21:53 Horse Collar
25:46 Heavy Plow
26:58 Bodkin Arrow
27:39 Padded Archer Armor
29:05 Ballistics
30:36 Leather Archer Armor
30:38 Hand Cart
34:13 Imperial Age
34:25 Stone Mining
34:27 Gold Mining
34:58 Bracer
36:00 Chemistry
35:23 Conscription
36:05 Ring Archer Armor
37:26 Masonry
36:39 Elite Longbowman
38:01 Guilds
38:14 Yeomen
42:45 Hoardings
43:32 Warwolf
44:14 Gold Shaft Mining
45:59 Coinage
SoulStrider6763
9:26 Loom
13:28 Feudal Age
15:45 Forging
15:52 Double-Bit Axe
21:03 Castle Age
19:29 Scale Barding Armor
20:22 Bloodlines
22:03 Husbandry
23:42 Chain Barding Armor
30:56 Marauders
31:27 Horse Collar
34:02 Town Watch
37:26 Iron Casting
39:37 Imperial Age
39:44 Elite Tarkan
41:41 Plate Barding Armor
45:07 Wheelbarrow
StableZM
5:09 Loom
14:06 Feudal Age
17:38 Castle Age
16:39 Double-Bit Axe
18:37 Town Watch
20:32 Husbandry
20:44 Forging
23:43 Scale Barding Armor
25:04 Bloodlines
31:49 Chain Barding Armor
34:36 Wheelbarrow
42:07 Bow Saw
45:39 Gold Mining
tona1410
8:09 Loom
12:57 Feudal Age
13:32 Double-Bit Axe
18:43 Castle Age
17:43 Fletching
17:50 Horse Collar
19:46 Bow Saw
19:33 Bodkin Arrow
24:00 Heavy Plow
30:28 Ballistics
30:48 Wheelbarrow
30:35 Padded Archer Armor
35:59 Leather Archer Armor
36:12 Gold Mining
38:55 Hand Cart
39:46 Husbandry
39:58 Bloodlines
45:03 Imperial Age
43:33 Gold Shaft Mining
42:49 Stone Mining
44:26 Thumb Ring
45:51 Bracer
Nonna_Nero
7:33 Loom
13:05 Feudal Age
17:56 Castle Age
17:14 Double-Bit Axe
17:12 Horse Collar
20:22 Fletching
28:30 Wheelbarrow
28:30 Bodkin Arrow
31:51 Hand Cart
31:47 Bow Saw
32:15 Heavy Plow
34:31 Gold Mining
35:51 Gold Shaft Mining
38:08 Imperial Age
35:43 Pikeman
37:46 Scale Mail Armor
37:57 Forging
38:47 Chain Mail Armor
39:34 Bracer
40:37 Chemistry
39:45 Husbandry
39:51 Thumb Ring
40:10 Elite Skirmisher
42:07 Chain Mail Armor
42:15 Imperial Skirmisher
44:05 Two-Man Saw
43:30 Conscription
45:29 Chemistry
TORA
4:29 Loom
13:44 Feudal Age
17:23 Castle Age
16:17 Double-Bit Axe
19:28 Fletching
21:39 Ballistics
24:22 Bodkin Arrow
25:45 Padded Archer Armor
32:17 Bow Saw
31:55 Horse Collar
32:53 Wheelbarrow
33:32 Heavy Plow
35:50 Leather Archer Armor
35:41 Gold Mining
35:44 Stone Mining
36:35 Hand Cart
[OTM]thebearjew
8:37 Loom
14:57 Feudal Age
16:25 Wheelbarrow
15:39 Double-Bit Axe
20:51 Castle Age
19:06 Gold Mining
19:38 Horse Collar
22:20 Bloodlines
22:10 Husbandry
29:45 Scale Barding Armor
30:58 Forging
31:02 Heavy Plow
36:05 Imperial Age
36:49 Hand Cart
37:47 Heavy Camel Rider
39:10 Chain Barding Armor
40:29 Iron Casting
39:54 Scale Mail Armor
39:48 Fletching
42:30 Blast Furnace
45:58 Grand Trunk Road
Connection lost

Rejoining the realm…

Still unreachable

The connection could not be restored.

Session expired

The server has moved on; the page needs a fresh start.